 Dungeon Crawl Stone Soup version 0.28.0 (webtiles) character file.

Game seed: 2110669205774550411

126 funkygono the Covered (level 5, -8/33 HPs)
             Began as a Gargoyle Fighter on Feb 14, 2022.
             Killed by divine providence
             ... invoked by an orc priest
              (12 damage)
             ... on level 4 of the Dungeon.
             The game lasted 00:03:27 (2582 turns).

funkygono the Covered (Gargoyle Fighter)            Turns: 2582, Time: 00:03:27

Health: -8/33      AC: 13    Str: 22    XL:     5   Next: 10%
Magic:  5/5        EV:  7    Int:  8    God:
Gold:   78         SH:  4    Dex:  9    Spells: 4/4 levels left

rFire   . . .      SeeInvis .   a - +0 flail
rCold   . . .      Faith    .   c - +0 buckler
rNeg    + . .      Spirit   .   l - +0 chain mail
rPois   ∞          Reflect  .   (no helmet)
rElec   +          Harm     .   (no cloak)
rCorr   .          Rampage  .   (no gloves)
Will    .....                   (no boots)
Stlth   ..........              (no amulet)
HPRegen 0.11/turn               (no ring)
MPRegen 0.09/turn               (no ring)

@: no status effects
A: sickness immunity, AC +4, negative energy resistance 1, electricity
resistance, torment resistance 1, petrification resistance
a: no special abilities


You were on level 4 of the Dungeon.
You visited 1 branch of the dungeon, and saw 4 of its levels.

You collected 78 gold pieces.

Inventory:

Hand Weapons
 a - a +0 flail (weapon)
Missiles
 e - 88 stones (quivered)
 f - 5 poisoned darts
 m - 47 arrows
Armour
 b - a +0 scale mail
 c - a +0 buckler (worn)
 l - a +0 chain mail (worn)
Wands
 p - a wand of flame (6)
Scrolls
 g - a scroll of magic mapping {unknown}
 j - a scroll of identify {unknown}
 k - a scroll of torment {unknown}
 o - a scroll of fear {unknown}
 q - a scroll of immolation {unknown}
Potions
 d - a potion of might
 h - 4 potions of haste {unknown}
 i - a potion of flight {unknown}
 n - 3 potions of brilliance {unknown}


   Skills:
 * Level 3.8 Fighting
 * Level 3.6 Maces & Flails
 * Level 3.9 Armour
 * Level 0.7 Dodging
 * Level 3.9 Shields


You had 4 spell levels left.
You didn't know any spells.
Your spell library contained the following spells:

 Spells                   Type           Power      Damage    Failure   Level
 Magic Dart               Conj           0%         1d3       99%         1
 Call Imp                 Summ           0%         N/A       100%        2
 Static Discharge         Conj/Air       0%         N/A       100%        2
 Mephitic Cloud           Conj/Pois/Air  0%         N/A       100%        3
 Dispel Undead            Necr           0%         3d6       100%        4
 Sticky Flame             Conj/Fire      0%         2d3       100%        4


Dungeon Overview and Level Annotations

Branches:
Dungeon (4/15)
 Temple: D:4-7

Altars:
Ashenzari
Cheibriados
Dithmenos
Elyvilon
Uskayaw
Vehumet
Xom
Yredelemnul

Shops:
D:2 (


Innate Abilities, Weirdness & Mutations

You are immune to sickness and miasma.
Your stone body is resilient. (AC +4)
You are immune to poison.
You resist negative energy. (rN+)
You are resistant to electric shocks. (rElec)
You are resistant to unholy torment.
You are immune to petrification.


Message History

You hit the ball python.
The ball python is severely wounded.
The ball python bites you but does no damage.
The ball python constricts you.
You closely miss the ball python.
The ball python is severely wounded.
The ball python bites you but does no damage.
The ball python constricts you. The ball python barely misses you.
The ball python constricts you.
You hit the ball python.
You kill the ball python!
Found 18 stones.
Found a stone staircase leading down.
An orc comes into view. It is wielding a +0 short sword.
An orc comes into view. It is wielding a +0 hand axe.
You hear the slow rusting of a very distant drain.
The orc shouts!
An orc priest comes into view. It is wielding a +0 dagger.
The orc hits you but does no damage.
You barely miss the orc. You block the orc's attack.
You thump the orc!
You kill the orc!
The orc priest shouts!
The orc hits you but does no damage.
Things that are here:
a +0 short sword; a +0 chain mail; an orc corpse You barely miss the orc.
The orc priest invokes the aid of Beogh against you.
Beogh smites you! The orc hits you with a +0 hand axe.
The orc priest mumbles some strange prayers to Beogh against you.
Beogh smites you!
* * * LOW HITPOINT WARNING * * *
You sock the orc!
You kill the orc!
Things that are here:
a +0 hand axe; a +0 ring mail; an orc corpse An endoplasm comes into view.
The orc priest calls down the wrath of Beogh upon you.
Beogh smites you!
You die...

...... # ...J...
#.#####......#
...>.......#
.#######(.........
#.....?#..........
≈≈≈≈≈.#...o......
...≈.#.........#
#.≈.#..@.#...#
#.≈.#..)## ### .≈.#.
#.≈.#..)# #.≈..
#.≈.#..## #.≈_.
#.≈.#...# .≈≈≈
#.≈.#.......# ≈
...####.≈.#.......#
≈.#####..$..≈.#.......#
≈......≈≈≈≈≈≈.#.......#


You could see an orc priest and an endoplasm.

Vanquished Creatures
  A centaur zombie (D:3)
  4 adders
  A worm (D:2)
  4 orcs
  4 ball pythons
  4 endoplasms
  4 giant cockroaches
  2 goblins
  5 hobgoblins
  4 quokkas
  4 frilled lizards
  7 kobolds
  2 rats
46 creatures vanquished.

Notes
Turn   | Place    | Note
-------+----------+-------------------------------------------
     0 | D:1      | funkygono the Gargoyle Fighter began the quest for the Orb.
     0 | D:1      | Reached XP level 1. HP: 14/14 MP: 1/1
   429 | D:1      | Reached XP level 2. HP: 19/19 MP: 2/2
  1219 | D:2      | Reached XP level 3. HP: 15/24 MP: 3/3
  1400 | D:2      | Found Ywuog's Antique Weapon Boutique.
  1622 | D:3      | Reached XP level 4. HP: 29/29 MP: 4/4
  1631 | D:3      | Found a snail-covered altar of Cheibriados.
  1636 | D:3      | Found a radiant altar of Vehumet.
  1660 | D:3      | Found a basalt altar of Yredelemnul.
  1725 | D:3      | Found a white marble altar of Elyvilon.
  1771 | D:3      | Found a hide-covered altar of Uskayaw.
  1779 | D:3      | Found a shadowy altar of Dithmenos.
  1783 | D:3      | Found a shimmering altar of Xom.
  2092 | D:3      | Found a faded altar of an unknown god.
  2309 | D:3      | Reached XP level 5. HP: 33/33 MP: 5/5
  2541 | D:4      | Found a broken altar of Ashenzari.
  2582 | D:4      | Killed from afar by an orc priest

Illustrated notes

Levels and vault maps discovered:
D:1:      minmay_arrival_plants_in_alcoves, layout_basic
D:2:      layout_rooms, serial_shops, shop
D:3:      layout_basic, yredelemnul_altar_generic, grunt_temple_overflow_open,
          minitemple, basic_ecumenical_altar
D:4:      layout_rooms, nicolae_overflow_squiral, mainiacjoe_overflow_boulevard,
          serial_shops, nicolae_shop_hallway_plus, cheibrodos_sewer_entry_bend

Skill      XL: |  1  2  3 |
---------------+----------+-----
Maces & Flails | 3 |  3.6
Fighting       | |  3.8
Armour         | |  3.9
Dodging        | |  0.7
Shields        | |  3.9

Action                   |  1- 3 |  4- 6 || total
-------------------------+-------+-------++-------
Melee: Flail             |   104 |    64 ||   168
Armor: Scale mail        |    41 |       ||    41
       Chain mail        |    25 |    38 ||    63
Dodge: Dodged            |    44 |    21 ||    65
Block: Buckler           |    27 |    11 ||    38
